 Dungeon Crawl Stone Soup version 0.16-a0-1816-g2c93a98 (webtiles) character file.

819 wvc the Spear-Bearer (level 7, 0/51 HPs)
             Began as a Demonspawn Gladiator on Nov 3, 2014.
             Was an Initiate of Okawaru.
             Slain by an orc warrior
             ... wielding a +0 glaive
              (18 damage)
             ... on level 6 of the Dungeon.
             The game lasted 00:11:58 (5712 turns).

wvc the Spear-Bearer (Demonspawn Gladiator)         Turns: 5712, Time: 00:11:58

Health: 0/51       AC:  6    Str: 23    XL:     7   Next: 63%
Magic:  7/7        EV: 12    Int:  9    God:    Okawaru [......]
Gold:   151        SH:  0    Dex: 13    Spells: 0 memorised, 6 levels left

rFire  . . .     SeeInvis .     e - +3 spear (pierce)
rCold  . . .     Clarity  .     b - +1 leather armour
rNeg   . . .     SustAb   .     (no shield)
rPois  .         Gourm    .     (helmet restricted)
rElec  .         Spirit   .     l - +0 cloak
rCorr  +         Warding  .     (no gloves)
rMut   .         Stasis   .     (no boots)
MR     .....                    A - amulet of resist corrosion
Stlth  +.........               t - +2 ring of strength
                                a - +3 ring of strength

@: very slightly contaminated, hasted, very quick, not resistant to hostile
enchantments, very unstealthy
A: horns 2, rugged brown scales 1, demonic guardian 1, spiny 1
a: Renounce Religion


You were on level 6 of the Dungeon.
You worshipped Okawaru.
Okawaru was noncommittal.
You were not hungry.

You visited 2 branches of the dungeon, and saw 7 of its levels.

You collected 151 gold pieces.

Inventory:

Hand weapons
 e - a +3 spear of piercing (weapon)
 s - a +4 quarterstaff of chaos
 y - a +0 blowgun
Missiles
 d - 3 throwing nets (quivered)
 w - 3 tomahawks
 x - 4 curare-tipped needles
Armour
 b - a +1 leather armour (worn)
 c - a +0 helmet
 l - a +0 cloak (worn)
Jewellery
 a - a +3 ring of strength (left hand)
 t - a +2 ring of strength (right hand)
 u - an uncursed ring of fire
 v - an uncursed ring of see invisible
 A - an amulet of resist corrosion (around neck)
Magical devices
 i - a wand of lightning (1)
 E - a wand of disintegration (15)
Scrolls
 g - a scroll of enchant armour
 j - a scroll of teleportation
 m - 3 scrolls of fog
 B - a scroll of remove curse
Potions
 h - a potion of mutation
 k - 2 potions of restore abilities
 n - 3 potions of brilliance
 o - a potion of curing
 p - 2 potions of resistance
 z - a potion of magic
 C - a potion of lignification
Comestibles
 f - 3 bread rations


   Skills:
 - Level 2.0 Fighting
 * Level 8.4 Polearms
 - Level 1.7 Throwing
 - Level 2.6 Dodging


You had 6 spell levels left.
You didn't know any spells.

Dungeon Overview and Level Annotations

Branches:
Dungeon (6/15)             Temple (1/1) D:6

Altars:
Ashenzari
Cheibriados
Dithmenos
Elyvilon
Gozag
Kikubaaqudgha
Makhleb
Nemelex Xobeh
Okawaru
Qazlal
Ru
Sif Muna
Trog
Vehumet
Xom
Yredelemnul
Zin
The Shining One


Innate Abilities, Weirdness & Mutations

You have a pair of horns on your head.
You are partially covered in rugged brown scales (AC +1, +3% HP).
A weak demonic guardian rushes to your aid.
You are partially covered in sharp spines.


Message History

Attack whom?
Press: ? - help, Dir - move target cursor, f/p - orc warrior
Aim: an orc warrior, wielding a glaive and wearing a chain mail You could not reach far enough!
The orc warrior closely misses you.
Attack whom?
Press: ? - help, Dir - move target cursor, f/p - orc warrior
Aim: an orc warrior, wielding a glaive and wearing a chain mail You could not reach far enough!
Your white imp closely misses the orc warrior.
Attack whom?
Press: ? - help, Dir - move target cursor, f/p - orc warrior
Aim: an orc warrior, wielding a glaive and wearing a chain mail You could not reach far enough!
Attack whom?
Press: ? - help, Dir - move target cursor, f/p - orc warrior
Aim: an orc warrior, wielding a glaive and wearing a chain mail You reach to attack!
You hit the orc warrior.
The orc warrior is moderately wounded.
The orc warrior hits you from afar with a glaive!!
You die...

#.# #.# ##.##. #.### #.# #.#
.#...?. ....# #.# #.#
.......##.#. #.# #.#
#.........o #.# #.#
#...##.#..# #.# #.#
#........5# #.# #.#
#..####..## #.# #.#
#..####..##.#### #.###[######
#..@5o.........#
..#........###.#.###..#####.#
..#.#............# #..#
....###..........# #..# ..###
#)..............# ..#
#................ .##
#..........####..# .#
#........#.# ..# ..
.......?##.# .


You could see an orc warrior and a friendly white imp.

Vanquished Creatures
  An ice beast (D:5)
  A sky beast (D:5)
  A centaur (D:5)
  2 orc priests
  2 giant frog skeletons (D:5)
  2 iguanas
  3 orc wizards
  The ghost of timbw the Chucker, a weakling TrHu (D:3)
  Ijyb (D:3)
  Jessica (D:2)
  A hound zombie (D:5)
  Terence (D:2)
  7 adders
  A giant mite (D:4)
  3 worms
  An adder skeleton (D:5)
  2 giant geckos
  2 oozes (D:3)
  12 orcs
  3 bat skeletons
  A bat zombie (D:5)
  2 giant cockroaches
  8 goblins
  11 hobgoblins
  7 bats
  4 giant newts
  2 goblin skeletons
  A hobgoblin zombie (D:5)
  14 kobolds
  An orc skeleton (D:5)
  An orc zombie (D:5)
  5 rats
  A rat zombie (D:5)
106 creatures vanquished.

Vanquished Creatures (collateral kills)
  Crazy Yiuf (D:2)
  An orc (D:5)
2 creatures vanquished.

Vanquished Creatures (others)
  3 crimson imps
  A quasit (D:3)
  An iron imp (D:3)
  2 white imps (D:5)
  An ufetubus (D:5)
8 creatures vanquished.

Grand Total: 116 creatures vanquished

Notes
Turn   | Place    | Note
--------------------------------------------------------------
     0 | D:1      | wvc, the Demonspawn Gladiator, began the quest for the Orb.
     0 | D:1      | Reached XP level 1. HP: 16/16 MP: 1/1
   211 | D:1      | Reached skill level 3 in Polearms
   662 | D:2      | You fall through a shaft!
   671 | D:3      | Gained mutation: A weak demonic guardian rushes to your aid. [demonic ancestry]
   671 | D:3      | Reached XP level 2. HP: 22/22 MP: 2/2
  1101 | D:2      | Noticed Jessica
  1117 | D:2      | Killed Jessica
  1117 | D:2      | Reached skill level 4 in Polearms
  1117 | D:2      | Gained mutation: You have a pair of small horns on your head. [demonic ancestry]
  1117 | D:2      | Reached XP level 3. HP: 27/27 MP: 3/3
  1393 | D:2      | Noticed Terence
  1399 | D:2      | Killed Terence
  1399 | D:2      | Gained mutation: You are partially covered in sharp spines. [demonic ancestry]
  1399 | D:2      | Reached XP level 4. HP: 19/33 MP: 4/4
  1699 | D:2      | Noticed Crazy Yiuf
  1711 | D:2      | Killed Crazy Yiuf
  1720 | D:2      | Reached skill level 5 in Polearms
  2235 | D:3      | Noticed timbw's ghost (weakling TrHu)
  2250 | D:3      | Killed timbw's ghost
  2250 | D:3      | Reached XP level 5. HP: 28/38 MP: 5/5
  2399 | D:3      | Noticed an orc wizard
  2405 | D:3      | Noticed an orc priest
  2409 | D:3      | Killed an orc wizard
  2422 | D:3      | Killed an orc priest
  3049 | D:3      | Reached skill level 6 in Polearms
  3154 | D:3      | Noticed Ijyb
  3170 | D:3      | Killed Ijyb
  3274 | D:3      | Gained mutation: You are partially covered in rugged brown scales (AC +1, +3% HP). [demonic ancestry]
  3274 | D:3      | Reached XP level 6. HP: 37/45 MP: 6/6
  3921 | D:4      | Found a staircase to the Ecumenical Temple.
  4069 | D:5      | Entered Level 5 of the Dungeon
  4334 | D:5      | Reached skill level 7 in Polearms
  4334 | D:5      | Gained mutation: You have a pair of horns on your head. [demonic ancestry]
  4334 | D:5      | Reached XP level 7. HP: 38/51 MP: 7/7
  5052 | D:5      | Reached skill level 8 in Polearms
  5294 | D:6      | Found a staircase to the Ecumenical Temple.
  5300 | Temple   | Entered the Ecumenical Temple
  5407 | Temple   | Became a worshipper of Warmaster Okawaru
  5451 | D:6      | Found a stormy altar of Qazlal.
  5712 | D:6      | Slain by an orc warrior

Action                   |  1- 3 |  4- 6 |  7- 9 || total
-------------------------+-------+-------+-------++-------
Melee: Spear             |    72 |   225 |    79 ||   376
Throw: Throwing net      |       |     3 |       ||     3
  Use: Scroll            |       |    20 |     2 ||    22
       Potion            |       |       |     2 ||     2
 Stab: Invisible         |       |     3 |       ||     3
  Eat: Chunk             |     1 |     8 |     3 ||    12
       Beef jerky        |       |     1 |       ||     1
       Meat ration       |       |       |     1 ||     1
